 Dungeon Crawl Stone Soup version 0.28.0-53-g5a82cb258f (webtiles) character file.

Game seed: 1069888022610555800

2968 Legadrian the Slinger (level 10, -21/77 HPs)
             Began as a Human Fighter on July 5, 2022.
             Was a Priest of Zin.
             Hit by a large rock thrown by a cyclops (26 damage)
             ... on level 8 of the Dungeon on July 6, 2022.
             The game lasted 00:37:45 (7375 turns).

Legadrian the Slinger (Human Fighter)               Turns: 7375, Time: 00:37:45

Health: -21/77     AC: 14    Str: 20    XL:     10   Next: 8%
Magic:  10/10      EV:  8    Int:  8    God:    Zin [***...]
Gold:   156        SH:  8    Dex: 14    Spells: 9/9 levels left

rFire   . . .      SeeInvis .   u - +0 hunting sling
rCold   . . .      Faith    .   q - +0 kite shield
rNeg    . . .      Spirit   .   r - +2 plate armour
rPois   .          Reflect  .   (no helmet)
rElec   .          Harm     .   (no cloak)
rCorr   .          Rampage  .   (no gloves)
Will    .....                   t - +0 pair of boots
Stlth   ..........              s - amulet of regeneration
HPRegen 1.02/turn               D - +4 ring of evasion
MPRegen 0.12/turn               (no ring)

@: no status effects
A: no striking features
a: Renounce Religion, Recite, Vitalisation, Imprison, Donate Gold


You were on level 8 of the Dungeon.
You worshipped Zin.
Zin was most pleased with you.
You visited 1 branch of the dungeon, and saw 8 of its levels.

You collected 413 gold pieces.
You donated 257 gold pieces to Zin.

Inventory:

Hand Weapons
 a - a +0 war axe
 b - a +0 dagger of venom
 j - a +2 whip of flaming
 l - a +0 dagger of electrocution
 u - a +0 hunting sling (weapon)
Missiles
 f - 210 stones
 m - 57 sling bullets (quivered ammo)
 n - 55 arrows
 w - 3 boomerangs
 A - 2 poisoned darts
Armour
 c - a +0 buckler
 g - a +0 buckler
 o - a +0 ring mail of fire resistance
 q - a +0 kite shield (worn)
 r - a +2 plate armour (worn)
 t - a +0 pair of boots (worn)
Jewellery
 i - an amulet of guardian spirit
 s - an amulet of regeneration (around neck)
 x - an amulet of guardian spirit
 D - a +4 ring of evasion (left hand)
Wands
 h - a wand of acid (10)
 v - a wand of iceblast (3)
 B - a wand of flame (25)
Scrolls
 d - 3 scrolls of teleportation
 e - 2 scrolls of fear
 k - a scroll of blinking
 y - a scroll of holy word
 z - a scroll of vulnerability
Potions
 p - 2 potions of attraction


   Skills:
 - Level 6.4 Fighting
 - Level 2.0 Axes
 + Level 11.2(11.5) Slings
 - Level 4.0(8.2) Throwing
 - Level 3.0 Armour
 - Level 3.0 Shields


You had 9 spell levels left.
You didn't know any spells.
Your spell library contained the following spells:

 Spells                   Type           Power      Damage    Failure   Level
 Animate Skeleton         Necr           0%         N/A       100%        1
 Pain                     Necr           0%         1d4       100%        1
 Call Canine Familiar     Summ           0%         N/A       100%        3
 Gell's Gravitas          Tloc           0%         N/A       100%        3
 Ozocubu's Armour         Ice            0%         N/A       100%        3
 Portal Projectile        Hex/Tloc       0%         N/A       100%        3
 Teleport Other           Tloc           0%         N/A       100%        3
 Tukima's Dance           Hex            0%         N/A       100%        3
 Vampiric Draining        Necr           0%         2d6       100%        3
 Leda's Liquefaction      Hex/Erth       0%         N/A       100%        4
 Passage of Golubria      Tloc           0%         N/A       100%        4
 Blade Hands              Tmut           0%         N/A       100%        5
 Excruciating Wounds      Necr           0%         N/A       100%        5
 Yara's Violent Unravell  Hex/Tmut       0%         3d3       100%        5
 Dispersal                Tloc           0%         N/A       100%        6
 Ozocubu's Refrigeration  Ice            0%         4d5       100%        7


Dungeon Overview and Level Annotations

Branches:
Dungeon (8/15)             Temple (0/1) D:6
   Lair: D:8-11

Altars:
Cheibriados
Fedhas
Hepliaklqana
Uskayaw
Vehumet
Yredelemnul
Zin

Shops:
D:7 *

Annotations:
D:7 1 runed translucent door, raph's ghost, novice GnCA
D:8 3 runed translucent doors, Ashen's ghost, novice OgIE


Message History

You shoot a sling bullet. The sling bullet hits the steam dragon!
The steam dragon is severely wounded.
The steam dragon breathes steam at you. The ball of steam hits you!
Fire: 61 sling bullets
Press: ? - help, Q - select action, (/) - cycle Shift-Dir - straight line, f/p - steam dragon
Aim: a steam dragon (severely wounded, 67% to hit)
You shoot a sling bullet.
The sling bullet barely misses the steam dragon.
You block the steam dragon's attack. The steam dragon closely misses you.
You block the steam dragon's attack.
The steam dragon claws you but does no damage.
Fire: 60 sling bullets
Press: ? - help, Q - select action, (/) - cycle Shift-Dir - straight line, f/p - steam dragon
Aim: a steam dragon (severely wounded, 67% to hit)
You shoot a sling bullet.
The sling bullet barely misses the steam dragon.
The cyclops throws a large rock.
The large rock hits you!
Fire: 59 sling bullets
Press: ? - help, Q - select action, (/) - cycle Shift-Dir - straight line, f/p - steam dragon
Aim: a steam dragon (severely wounded, 67% to hit)
You shoot a sling bullet. The sling bullet hits the steam dragon.
The steam dragon is severely wounded.
The steam dragon breathes steam at you. The ball of steam hits you!
Fire: 58 sling bullets
Press: ? - help, Q - select action, (/) - cycle Shift-Dir - straight line, f/p - steam dragon
Aim: a steam dragon (severely wounded, catching its breath, 67% to hit)
You shoot a sling bullet. The sling bullet hits the steam dragon!
You kill the steam dragon!
You are engulfed in a cloud of scalding steam.
The cyclops throws a large rock.
The large rock hits you!!!
Ouch! That really hurt!
* * * LOW HITPOINT WARNING * * *
Really walk into that cloud of steam? [Y]es or [N]o only, please.
Really walk into that cloud of steam?
Okay, then.
The cyclops throws a large rock.
The large rock hits you!!
You die...

...................#
#....................#
#........##..#.....###
#...........###.....##
###...........###......#
#......§................
......§§.......#........
......§.§......##.......
.......@§...............
.......§....##..........
....###.§........#......
... ##.(§....###.#...#..
. #.........#.....###.
##...............##..
#....C.(...#..#.##...
#.........##.........
#........(.#.....#.##


You could see a cyclops.

Vanquished Creatures
  5 yaks (D:8)
  3 steam dragons
  An ice beast (D:4)
  2 orc warriors
  2 sky beasts
  A black bear (D:3)
  2 centaurs
  A phantom (D:6)
  A bullfrog (D:6)
  3 scorpions
  A wyvern zombie (D:5)
  A water moccasin zombie (D:5)
  A water moccasin skeleton (D:4)
  A bullfrog zombie (D:7)
  2 jellies
  2 orc priests
  3 hounds (D:5)
  2 bullfrog skeletons
  3 iguanas
  2 orc wizards
  A scorpion zombie (D:5)
  A hound skeleton (D:4)
  A howler monkey zombie (D:7)
  3 gnolls (D:5)
  3 adders
  An ufetubus (D:6)
  3 worms
  2 dart slugs
  15 orcs
  3 bats
  11 endoplasms
  A giant cockroach (D:2)
  9 goblins
  5 hobgoblins
  2 jackals (D:2)
  9 quokkas
  3 ball pythons
  4 frilled lizards
  7 kobolds
  5 rats
128 creatures vanquished.

Vanquished Creatures (others)
  A plant (D:7)
1 creature vanquished.

Grand Total: 129 creatures vanquished

Notes
Turn   | Place    | Note
-------+----------+-------------------------------------------
     0 | D:1      | Legadrian the Human Fighter began the quest for the Orb.
     0 | D:1      | Reached XP level 1. HP: 18/18 MP: 1/1
   126 | D:1      | Reached XP level 2. HP: 10/24 MP: 2/2
   713 | D:1      | Reached skill level 1 in Throwing
   713 | D:1      | Reached XP level 3. HP: 30/30 MP: 3/3
  1772 | D:2      | Found a faded altar of an unknown god.
  1801 | D:2      | Reached XP level 4. HP: 37/37 MP: 4/4
  2770 | D:3      | Reached XP level 5. HP: 43/43 MP: 5/5
  3247 | D:4      | Found a snail-covered altar of Cheibriados.
  3276 | D:4      | Reached skill level 5 in Fighting
  3276 | D:4      | Reached XP level 6. HP: 45/51 MP: 6/6
  3540 | D:4      | Found a blossoming altar of Fedhas.
  3653 | D:4      | Found a glowing silver altar of Zin.
  3656 | D:4      | Became a worshipper of Zin the Law-Giver
  3656 | D:4      | Reached * piety under Zin
  3657 | D:4      | Donated 112 gold pieces to Zin
  3658 | D:4      | Donated 56 gold pieces to Zin
  3755 | D:4      | Noticed a black bear
  4070 | D:4      | Donated 32 gold pieces to Zin
  4071 | D:4      | Donated 16 gold pieces to Zin
  4089 | D:5      | Entered Level 5 of the Dungeon
  4089 | D:5      | Noticed a sky beast
  4115 | D:5      | Noticed an ice beast
  4148 | D:4      | Killed an ice beast
  4149 | D:4      | Reached skill level 1 in Slings
  4149 | D:4      | Reached XP level 7. HP: 41/57 MP: 7/7
  4152 | D:4      | Reached skill level 2 in Slings
  4376 | D:5      | Reached ** piety under Zin
  4468 | D:5      | Reached skill level 3 in Slings
  4490 | D:5      | Reached skill level 4 in Slings
  4490 | D:5      | Reached XP level 8. HP: 65/65 MP: 8/8
  5031 | D:3      | Reached skill level 5 in Slings
  5182 | D:6      | Reached skill level 6 in Slings
  5551 | D:5      | Reached skill level 7 in Slings
  5758 | D:6      | Found a basalt altar of Yredelemnul.
  5822 | D:6      | Reached XP level 9. HP: 71/71 MP: 9/9
  5903 | D:6      | Found a staircase to the Ecumenical Temple.
  5958 | D:6      | Reached skill level 8 in Slings
  6305 | D:7      | Reached *** piety under Zin
  6340 | D:7      | Found a hazy altar of Hepliaklqana.
  6429 | D:7      | Found a radiant altar of Vehumet.
  6539 | D:7      | Found a runed translucent door.
  6541 | D:7      | Noticed raph's ghost (novice GnCA)
  6559 | D:7      | Reached skill level 9 in Slings
  6672 | D:7      | Found Xojuroduq's Overcharged Wands.
  6985 | D:8      | Noticed a +0 hand axe
  6985 | D:8      | Noticed a +0 hand axe
  6998 | D:8      | Found a hide-covered altar of Uskayaw.
  7135 | D:8      | Reached skill level 10 in Slings
  7221 | D:8      | Reached skill level 11 in Slings
  7221 | D:8      | Reached XP level 10. HP: 77/77 MP: 10/10
  7242 | D:8      | Found a runed translucent gate.
  7243 | D:8      | Found a runed translucent gate.
  7246 | D:8      | Found a runed translucent gate.
  7267 | D:8      | Noticed Ashen's ghost (novice OgIE)
  7357 | D:8      | Noticed a cyclops
  7373 | D:8      | HP: 3/77 [cyclops/large rock (42)]
  7375 | D:8      | Hit by a large rock thrown by a cyclops

Illustrated notes

Levels and vault maps discovered:
D:1:      mrwooster_arrival_arrow, layout_basic, solitary_fountain
D:2:      layout_basic, hellmonk_ecumenical_altar_crossroads,
          grunt_ministairs_15, kennysheep_small_spiral,
          chequers_serial_rivers_micro_e
D:3:      layout_loops_cross, nicolae_figureground_sparkle
D:4:      layout_basic, fedhas_altar_3, cheibriados_altar_1,
          kennysheep_mini_moat, minivault_14, kennysheep_generic_room_2
D:5:      layout_basic
D:6:      layout_basic, mainiacjoe_overflow_surrounded_room,
          minmay_temple_entry_poolview
D:7:      layout_loops_ring, nicolae_hepliaklqana_hippocampus,
          mainiacjoe_overflow_brackets, ebering_ghost_reflecting_pool,
          serial_glass, glass_columns_c, glass_columns_c, glass_columns_a,
          glass_columns_a, glass_columns_c, glass_columns_c,
          minmay_strange_pillars, item_on_display_a, due_unseen_surprise,
          feat_on_display, serial_bayou_pond_a, nicolae_shop_overcharged_wands
D:8:      layout_cave_pools, dancing_weapons_uskayaw, trog_wizard,
          gammafunk_ghost_necromancy

Skill      XL: |  1  2  3  4  5  6  7  8  9 |
---------------+----------------------------+-----
Throwing       | 1 2 3 4 |  4.0
Fighting       | 4 5 6 |  6.4
Slings         | 1 4 7 11 | 11.2
Axes           | |  2.0
Armour         | |  3.0
Shields        | |  3.0

Action                   |  1- 3 |  4- 6 |  7- 9 | 10-12 || total
-------------------------+-------+-------+-------+-------++-------
Melee: War axe           |    46 |       |       |       ||    46
       Whip              |    47 |   138 |   102 |       ||   287
 Fire: Hunting sling     |       |    16 |   290 |    11 ||   317
Throw: Stone             |    44 |    61 |     2 |       ||   107
Invok: Donate Gold       |       |     4 |       |       ||     4
  Use: Potion            |       |     1 |     2 |       ||     3
       Scroll            |       |       |    12 |       ||    12
Armor: Scale mail        |    39 |     8 |       |       ||    47
       Plate armour      |       |    83 |   172 |     1 ||   256
Dodge: Dodged            |    42 |    27 |    42 |     1 ||   112
Block: Buckler           |    20 |     2 |       |       ||    22
       Kite shield       |       |    44 |   128 |     2 ||   174
